 Dungeon Crawl Stone Soup version 0.30.1-4-g462c640d31 (webtiles) character file.

Game seed: 6235973670819591271

49 DildoBatman the Conjurer (level 4, -3/32 HPs)
             Began as a Formicid Conjurer on Sept 17, 2023.
             Frozen to death by an endoplasm (5 damage)
             ... on level 2 of the Dungeon.
             The game lasted 00:03:10 (1232 turns).

DildoBatman the Conjurer (Formicid Conjurer)        Turns: 1232, Time: 00:03:10

Health: -3/32      AC:  6    Str: 12    XL:     4   Next: 2%
Magic:  3/7        EV: 12    Int: 19    God:
Gold:   28         SH:  0    Dex: 12    Spells: 5/8 levels left

rFire   . . .        l - +0 dagger (flame)
rCold   . . .        (no shield)
rNeg    . . .        a - +0 robe
rPois   .            (helmet unavailable)
rElec   .            (no cloak)
rCorr   .            g - +0 pair of gloves
SInv    +            r - +2 pair of boots
Will    .....        (no amulet)
Stlth   ++           (no ring)
HPRegen 0.25/turn    (no ring)
MPRegen 0.10/turn

%: no passive effects
@: no status effects
A: permanent stasis, dig shafts and tunnels, antennae 3, four strong arms
a: Dig, Shaft Self


You were on level 2 of the Dungeon.
You visited 1 branch of the dungeon, and saw 2 of its levels.

You collected 28 gold pieces.

Inventory:

Hand Weapons
 d - a +0 dagger
 l - a +0 dagger of flaming (weapon)
Missiles
 q - 5 poisoned darts
Armour
 a - a +0 robe (worn)
 g - a +0 pair of gloves (worn)
 r - a +2 pair of boots (worn)
Magical Staves
 h - a staff of fire
 j - a staff of earth
Scrolls
 c - a scroll of butterflies {unknown}
 f - 2 scrolls of identify {unknown}
 m - a scroll of vulnerability {unknown}
 n - a scroll of noise {unknown}
 p - a scroll of enchant armour {unknown}
Potions
 b - a potion of magic
 e - a potion of degeneration {unknown}
 i - a potion of heal wounds {unknown}
 k - a potion of flight {unknown}
 o - a potion of curing {unknown}


   Skills:
 * Level 1.1 Fighting
 * Level 1.4 Armour
 * Level 2.1 Dodging
 - Level 3.0 Stealth
 * Level 2.6 Spellcasting
 * Level 3.8 Conjurations


You had 5 spell levels left.
You knew the following spells:

 Your Spells              Type           Power      Damage    Failure   Level
a - Searing Ray           Conj           34%        2d5       4%          2
c - Magic Dart            Conj           68%        1d6       3%          1

Your spell library contained the following spells:

 Spells                   Type           Power      Damage    Failure   Level
 Dazzling Flash           Conj/Hex       18%        N/A       22%         3
 Sublimation of Blood     Necr           2%         N/A       24%         2
 Fulminant Prism          Conj/Hex       4%         3d5       58%         4
 Iskenderun's Mystic Bla  Conj/Tloc      9%         2d4       58%         4
 Petrify                  Tmut/Erth      2%         N/A       85%         4
 Irradiate                Conj/Tmut      4%         3d13      90%         5


Dungeon Overview and Level Annotations

Branches:
Dungeon (2/15)

Altars:
Elyvilon

Annotations:
D:2 exclusion: sleepcap


Innate Abilities, Weirdness & Mutations

You cannot be hasted, slowed, berserked, paralysed or teleported.
You can dig through walls and to a lower floor.
You have a pair of large antennae on your head. (SInv)
Your four strong arms can wield two-handed weapons with a shield.


Message History

Anything else - Cancel.
You shout for attention!
The endoplasm barely misses you.
The sleepcap releases spores at you but does no damage.
What are your orders? t - Shout!
Orders for allies: a - Attack new target. r - Retreat! s - Stop attacking. g - Guard the area. f - Follow me.
Anything else - Cancel.
You shout for attention!
The endoplasm hits you. The sleepcap releases spores at you.
You are engulfed in a cloud of soporific spores!
You fall asleep.
The endoplasm hits you but does no damage.
The sleepcap completely misses you. The endoplasm freezes you.
You are frozen.
You wake up.
The sleepcap barely misses you. What are your orders? t - Shout!
Orders for allies: a - Attack new target. r - Retreat! s - Stop attacking. g - Guard the area. f - Follow me.
Anything else - Cancel.
You shout for attention!
The endoplasm misses you. The sleepcap completely misses you.
What are your orders? t - Shout!
Orders for allies: a - Attack new target. r - Retreat! s - Stop attacking. g - Guard the area. f - Follow me.
Anything else - Cancel.
You shout for attention!
The endoplasm freezes you.
You are frozen.
You die...

..####........### #.#
#..#........### ## #.#
#.###...#.....##....
..###.# #...#...........
...##.###...#...........
................##......
..<.........#...##..?...
................J#......
#...............@†......
##.............f##......
###............## ......
..#...>........# .....
..##.........?.# ....
..#...$......### ....
###..........# .
#..........#
#>.........#


You could see a sleepcap and an endoplasm.

Vanquished Creatures
  An adder (D:2)
  A dart slug (D:2)
  A bat (D:2)
  3 endoplasms
  4 giant cockroaches
  6 goblins
  3 hobgoblins
  2 kobolds (D:1)
  3 quokkas (D:1)
  5 ball pythons
  A frilled lizard (D:1)
  5 rats (D:1)
35 creatures vanquished.

Notes
Turn   | Place    | Note
-------+----------+-------------------------------------------
     0 | D:1      | DildoBatman the Formicid Conjurer began the quest for the
                  | Orb.
     0 | D:1      | Reached XP level 1. HP: 13/13 MP: 3/3
   195 | D:1      | Reached XP level 2. HP: 16/20 MP: 0/5
   198 | D:1      | Learned a level 2 spell: Searing Ray
   386 | D:1      | Reached skill level 1 in Armour
   456 | D:1      | Found a faded altar of an unknown god.
   568 | D:1      | Reached XP level 3. HP: 25/25 MP: 4/6
   601 | D:1      | You fall into a shaft and drop 1 floor!
   673 | D:2      | Reached skill level 1 in Fighting
   970 | D:2      | Found a white marble altar of Elyvilon.
  1104 | D:2      | Noticed a phantom
  1211 | D:2      | Reached XP level 4. HP: 32/32 MP: 1/7
  1230 | D:2      | HP: 1/32 [frozen (5)]
  1232 | D:2      | Frozen to death by an endoplasm

Illustrated notes

Levels and vault maps discovered:
D:1:      dpeg_arrival_arbitrary_b, layout_basic,
          hellmonk_ecumenical_altar_lost_god
D:2:      layout_rooms, basic_altar

Skill      XL: |  1  2  3 |
---------------+----------+-----
Armour         | 1 |  1.4
Dodging        | 2 |  2.1
Fighting       | 1 |  1.1
Stealth        | 3 |  3.0
Spellcasting   | |  2.6
Conjurations   | |  3.8

Action                     |  1- 3 |  4- 6 || total
---------------------------+-------+-------++-------
  Melee: Dagger            |    19 |       ||    19
   Cast: Magic Dart        |    53 |       ||    53
   Stab: Sleeping          |     2 |       ||     2
 Armour: Robe              |     3 |     4 ||     7
  Dodge: Dodged            |     8 |    12 ||    20
